 Dungeon Crawl Stone Soup version 0.29.1-15-g9cfb28693d (webtiles) character file.

Game seed: 14695850385722562727

91 croobank the Insei (level 4, 0/43 HPs)
             Began as an Octopode Transmuter on Mar 7, 2023.
             Slain by Sigmund
             ... wielding a +0 scythe
              (7 damage)
             ... on level 2 of the Dungeon.
             The game lasted 00:05:56 (1799 turns).

croobank the Insei (Octopode Transmuter)            Turns: 1799, Time: 00:05:56

Health: 0/43       AC: 22    Str:  9    XL:     4   Next: 59%
Magic:  6/7        EV:  2    Int: 17    God:
Gold:   45         SH:  0    Dex: 12    Spells: 5/8 levels left

rFire   . . .      SeeInvis .   b - +0 sling (vorpal)
rCold   . . .      Faith    .   (no shield)
rNeg    . . .      Spirit   .   (helmet currently unavailable)
rPois   +          Reflect  .   (no amulet)
rElec   .          Harm     .   (no ring)
rCorr   .          Rampage  .   (no ring)
Will    .....      NoTele   +   (no ring)
Stlth   +.........              (no ring)
HPRegen 0.14/turn               (no ring)
MPRegen 0.10/turn               (no ring)
                                (no ring)
                                (no ring)

@: mighty, tree-form, wereblooded
A: stationary, stasis, torment immunity, boosted hp, almost no armour,
(amphibious), 8 rings, (camouflage 1), (gelatinous body 1), (nimble swimmer 1),
(tentacles)
a: no special abilities


You were on level 2 of the Dungeon.
You were a tree.
You visited 1 branch of the dungeon, and saw 2 of its levels.

You collected 45 gold pieces.

Inventory:

Hand Weapons
 a - a +0 dagger
 b - a +0 vorpal sling (weapon)
 f - a +0 war axe
 g - a +0 hand axe
Scrolls
 e - 4 scrolls of identify
 h - a scroll of magic mapping {unknown}
 i - 3 scrolls of enchant armour {unknown}
 j - 3 scrolls of summoning {unknown}


   Skills:
 + Level 2.0 Fighting
 + Level 2.6 Dodging
 + Level 3.5 Unarmed Combat
 + Level 2.5 Spellcasting
 + Level 2.7 Transmutations


You had 5 spell levels left.
You knew the following spells:

 Your Spells              Type           Power      Damage    Failure   Level
a - Beastly Appendage     Tmut           22%        N/A       6%          1
b - Wereblood             Tmut           11%        N/A       9%          2

Your spell library contained the following spells:

 Spells                   Type           Power      Damage    Failure   Level
 Spider Form              Tmut/Pois      6%         N/A       30%         3
 Ice Form                 Ice/Tmut       6%         N/A       71%         4
 Iskenderun's Battlesphe  Conj           2%         2d6       99%         5
 Iron Shot                Conj/Erth      1%         9d1       100%        6
 Spellforged Servitor     Conj/Summ      1%         N/A       100%        7


Dungeon Overview and Level Annotations

Branches:
Dungeon (2/15)

Altars:

Annotations:
D:2 Sigmund


Innate Abilities, Weirdness & Mutations

You are a tree.
Your roots penetrate the ground, keeping you stationary.
You cannot be teleported.
You are immune to unholy pain and torment.
Your maximum health is greatly increased.
You cannot wear most types of armour.
((You are amphibious.))
You can wear up to eight rings at the same time.
((Your skin changes colour to match your surroundings (Stealth+).))
((Your rubbery body absorbs attacks. (AC +1, EV +1)))
((You are camouflaged when in or above water. (Stealth+)))
((You have tentacles for arms and can constrict up to eight enemies at once.))


Message History

You aren't carrying any potions.
You are too confused!
Non-targeted confused fire: b) +0 sling (vorpal)
Press: ? - help, Q - select action, (/) - cycle Dir - look around, f - activate You shoot a sling bullet.
You feel less confused. Something hits you but does no damage.
Fire: b) +0 sling (vorpal)
Press: ? - help, Q - select action, (/) - cycle Shift-Dir - straight line You shoot a sling bullet.
You hear some strange, mumbled words.
Something tries to affect you, but you resist.
Fire: b) +0 sling (vorpal)
Press: ? - help, Q - select action, (/) - cycle Shift-Dir - straight line, f - you Really target yourself? [Y]es or [N]o only, please.
Really target yourself? [Y]es or [N]o only, please.
Really target yourself? [Y]es or [N]o only, please.
Really target yourself?
Okay, then.
Fire: b) +0 sling (vorpal)
Press: ? - help, Q - select action, (/) - cycle Shift-Dir - straight line You shoot a sling bullet.
You creak as the wereblood boils in your veins!
Something hits you but does no damage.
Fire: b) +0 sling (vorpal)
Press: ? - help, Q - select action, (/) - cycle Shift-Dir - straight line You shoot a sling bullet.
You creak as the wereblood boils in your veins!
You hear a zap.
A puff of flame appears from out of thin air!
The puff of flame hits you but does no damage.
Something hits you but does no damage.
Fire: b) +0 sling (vorpal)
Press: ? - help, Q - select action, (/) - cycle Shift-Dir - straight line You shoot a sling bullet.
Something hits you!
You die...

.## ##.... ##
##.?... # #..!...
....... #....
#####.# #....
#...##)....# ....#.
##{.†# ....#..#
###).##......#
....##.### #.♣)##
.......
....##...######.###
.......
....##...##.....#
.......
....#..........##
.......
)...............#
....>..
................#
....J..
####............#
##..........##
##...##...##


There were no monsters in sight!

Vanquished Creatures
  Natasha (D:2)
  An adder (D:2)
  A dart slug (D:2)
  6 ball pythons
  7 endoplasms
  4 giant cockroaches
  10 goblins
  3 hobgoblins
  4 quokkas (D:1)
  2 bats
  3 frilled lizards
  4 kobolds
  4 rats (D:1)
50 creatures vanquished.

Vanquished Creatures (others)
  4 plants (D:2)
4 creatures vanquished.

Grand Total: 54 creatures vanquished

Notes
Turn   | Place    | Note
-------+----------+-------------------------------------------
     0 | D:1      | croobank the Octopode Transmuter began the quest for the
                  | Orb.
     0 | D:1      | Reached XP level 1. HP: 13/13 MP: 3/3
    97 | D:1      | Found a faded altar of an unknown god.
   171 | D:1      | Reached XP level 2. HP: 18/18 MP: 5/5
   187 | D:1      | Learned a level 2 spell: Wereblood
   634 | D:1      | Reached XP level 3. HP: 23/23 MP: 6/6
  1517 | D:2      | Noticed Natasha
  1528 | D:2      | Killed Natasha
  1529 | D:2      | Reached XP level 4. HP: 8/29 MP: 4/7
  1757 | D:2      | Noticed Sigmund
  1799 | D:2      | Slain by Sigmund

Illustrated notes

Levels and vault maps discovered:
D:1:      psy_arrival_terrarium, layout_basic,
          shapermc_ecumenical_altar_acropolis, kennysheep_flooded_box
D:2:      layout_rooms, serial_bayou_ford_a, uniq_sigmund, uniq_natasha,
          uniq_robin

Skill      XL: |  1  2  3  4 |
---------------+-------------+-----
Fighting       | 2 |  2.0
Dodging        | |  2.6
Unarmed Combat | |  3.5
Spellcasting   | |  2.5
Transmutations | |  2.7

Action                   |  1- 3 |  4- 6 || total
-------------------------+-------+-------++-------
Melee: Unarmed           |    32 |    18 ||    50
       Constrict         |    11 |     2 ||    13
       Kick              |    11 |     4 ||    15
       Tentacles         |     6 |       ||     6
       Punch             |     2 |       ||     2
       Dagger            |     6 |       ||     6
 Fire: Sling             |    51 |    10 ||    61
 Cast: Beastly Appendage |    11 |     1 ||    12
       Wereblood         |     7 |     2 ||     9
  Use: Potion            |       |     3 ||     3
       Scroll            |       |     1 ||     1
Armor: Skin              |     5 |    18 ||    23
Dodge: Dodged            |    39 |    13 ||    52
